 Dungeon Crawl Stone Soup version 0.20.1-1-g8b1a95d (webtiles) character file.

125 slep the Skirmisher (level 5, 0/48 HPs)
             Began as a Hill Orc Abyssal Knight on Oct 25, 2017.
             Was a Believer of Lugonu.
             Slain by Grinder (3 damage)
             ... while paralysed by Grinder
             ... on level 2 of the Dungeon.
             The game lasted 00:11:20 (2014 turns).

slep the Skirmisher (Hill Orc Abyssal Knight)       Turns: 2014, Time: 00:11:21

Health: 0/48       AC: 11    Str: 15    XL:     5   Next: 9%
Magic:  7/7        EV:  2    Int: 12    God:    Lugonu [**....]
Gold:   109        SH:  0    Dex: 11    Spells: 4/4 levels left

rFire    . . .     SeeInvis .   a - +1 falchion
rCold    . . .     Gourm    .   (no shield)
rNeg     . . .     Faith    .   j - +0 chain mail (curse)
rPois    +         Spirit   .   (no helmet)
rElec    .         Reflect  +   n - +0 cloak
rCorr    .         Harm     .   (no gloves)
MR       .....     Rnd*Tele +   l - +0 pair of boots
Stlth    ..........             i - +4 amulet of reflection
Regen    0.2/turn               d - ring of teleportation (curse)
MPRegen  0.1/turn               p - ring of poison resistance

@: paralysed
A: no striking features
a: Depart the Abyss, Bend Space, Renounce Religion


You were on level 2 of the Dungeon.
You worshipped Lugonu.
Lugonu was pleased with you.
You were not hungry.

You visited 1 branch of the dungeon, and saw 3 of its levels.
You visited the Abyss 1 time.

You collected 109 gold pieces.

Inventory:

Hand Weapons
 a - a +1 falchion (weapon)
 h - a +0 dagger of draining
Armour
 b - a +0 leather armour
 j - a cursed +0 chain mail (worn)
 l - a +0 pair of boots (worn)
 n - a +0 cloak (worn)
Jewellery
 d - a cursed ring of teleportation (left hand)
 i - a +4 amulet of reflection (around neck)
 p - a ring of poison resistance (right hand)
Wands
 r - a wand of iceblast (9/15)
Scrolls
 e - a scroll of magic mapping {unknown}
 f - 2 scrolls of teleportation {unknown}
 k - a scroll of amnesia {unknown}
 m - a scroll of remove curse {unknown}
 o - 3 scrolls of identify {unknown}
Comestibles
 c - 3 bread rations
 q - a royal jelly
 s - a chunk of flesh


   Skills:
 + Level 5.0 Fighting
 + Level 4.1 Long Blades
 + Level 2.5 Armour
 + Level 1.2 Dodging
 + Level 2.7 Invocations


You had 4 spell levels left.
You didn't know any spells.

Dungeon Overview and Level Annotations

Branches:
Dungeon (3/15)

Altars:
Elyvilon

Annotations:
D:2 Grinder


Message History

Grinder barely misses you.
You slash Grinder!
Grinder is lightly wounded.
Grinder hits you.
* * * LOW HITPOINT WARNING * * *
You writhe in agony.
* * * LOW HITPOINT WARNING * * *
You hit Grinder.
Grinder is moderately wounded.
Grinder barely misses you.
You hit Grinder but do no damage.
Grinder is moderately wounded.
Grinder hits you but does no damage.
You slash Grinder!
Grinder is heavily wounded.
Grinder gestures at you.
You suddenly lose the ability to move!
Grinder hits you but does no damage. Grinder hits you.
You die...

.###....## #># #.# ###.##
.###...#######.# #.#
#####.# #.#..### #..)..#
#.# #.....# ##.#.# #.#####
#.# #.###.# #.#.# #.# #.#
#.# #.## #.#.#####.# #.#
#.# #... #.#.....#.# ###.#
#.# #...
#.#####.#.#########...# #.#
#### #.# #.#.#...>@5...#.#
#.# #.# #.#......†.##...#
#.# #.#
#.###.####.##..####.#
#.#####.###.# #..........#
#...........#######..######
#######........#
#..###########
########.####.............
#......############
########


You could see Grinder.

Vanquished Creatures
  Crazy Yiuf (D:2)
  3 adders
  2 worms (D:2)
  6 dart slugs
  An orc (D:2)
  2 ball pythons
  5 bats
  3 giant cockroaches (D:1)
  5 goblins
  5 hobgoblins
  7 kobolds
  3 frilled lizards
  11 rats
54 creatures vanquished.

Vanquished Creatures (others)
  A giant cockroach (D:2)
  A goblin (D:2)
2 creatures vanquished.

Grand Total: 56 creatures vanquished

Notes
Turn   | Place    | Note
-------+----------+-------------------------------------------
     0 | Abyss:1  | slep the Hill Orc Abyssal Knight began the quest for the Orb.
     0 | Abyss:1  | Reached XP level 1. HP: 19/19 MP: 2/2
    60 | Abyss:1  | Noticed a worldbinder
    61 | Abyss:1  | Noticed a jumping spider
    65 | Abyss:1  | Noticed a tarantella
    66 | Abyss:1  | Noticed a jumping spider
    66 | Abyss:1  | Noticed a tarantella
    66 | Abyss:1  | Noticed a tarantella
    68 | D:1      | Escaped the Abyss
   101 | D:1      | Reached skill level 4 in Fighting
   123 | D:1      | Reached XP level 2. HP: 19/27 MP: 3/3
   219 | D:1      | Reached skill level 1 in Dodging
   226 | D:1      | Reached * piety under Lugonu
   229 | D:1      | Reached XP level 3. HP: 4/34 MP: 3/5
  1091 | D:2      | Found a white marble altar of Elyvilon.
  1264 | D:2      | Reached XP level 4. HP: 30/41 MP: 6/6
  1497 | D:2      | Found a faded altar of an unknown god.
  1678 | D:2      | Found a runed door.
  1683 | D:2      | Noticed Crazy Yiuf
  1703 | D:2      | Killed Crazy Yiuf
  1703 | D:2      | Reached ** piety under Lugonu
  1785 | D:3      | Noticed Grinder
  1986 | D:3      | Reached skill level 5 in Fighting
  1986 | D:3      | Reached XP level 5. HP: 41/48 MP: 7/7
  1990 | D:3      | Paralysed by Grinder for 4 turns
  1995 | D:3      | Paralysed by Grinder for 7 turns
  1999 | D:3      | HP: 2/48 [orc (2)]
  2007 | D:2      | HP: 2/48 [Grinder (4)]
  2012 | D:2      | Paralysed by Grinder for 5 turns
  2014 | D:2      | Slain by Grinder

Skill      XL: |  1  2  3  4 |
---------------+-------------+-----
Fighting       | 4 5 |  5.0
Dodging        | 1 |  1.2
Long Blades    | 3 4 |  4.1
Armour         | |  2.5
Invocations    | |  2.7

Action                   |  1- 3 |  4- 6 || total
-------------------------+-------+-------++-------
Melee: Falchion          |   112 |    69 ||   181
Invok: Depart the Abyss  |     1 |       ||     1
  Use: Potion            |       |     3 ||     3
  Eat: Chunk             |     1 |     3 ||     4
Armor: Leather armour    |     9 |       ||     9
       Chain mail        |    22 |    62 ||    84
Dodge: Dodged            |    48 |    34 ||    82
Block: Other             |    14 |    15 ||    29
       Reflection        |     2 |     2 ||     4
       Rpst.: Falchion   |     9 |    13 ||    22
